don, chaotic female elven Wizard ----------- |.........| |........^. |.......<.| |.........| |......)..| ----.------ f f ## -@- ...u. |....... |......... |.......... |.........| ----------- don the Evoker Experience level: 1 Strength: 13 Dexterity: 13 Constitution: 15 Intelligence: 19 Wisdom: 13 Charisma: 7 Health: 0(11) Energy: 7(8) AC: 8 Gold: 517 Moves: 2176 Your Inventory: Coins $ - 517 gold pieces Amulets r - an uncursed lunate amulet [versus poison] Weapons a - a blessed +1 quarterstaff y - a cursed [+0] crude dagger [orcish] A - an uncursed [+1] crude dagger [orcish] (weapon in hand) J - 7 [cursed -1] darts P - 2 [uncursed +0] daggers Q - 10 [uncursed +0] crossbow bolts S - a [cursed -1] curved sword [scimitar] T - a [cursed -1] curved sword [scimitar] U - an [uncursed +0] curved sword [scimitar] V - 12 [uncursed +0] darts Armor b - an uncursed +0 cloak of magic resistance (being worn) z - an uncursed +0 iron skull cap [orcish helm] L - an [uncursed] +0 iron skull cap [orcish helm] (being worn) Comestibles o - an uncursed tripe ration p - 3 uncursed food rations t - 2 uncursed [stale] eggs v - an uncursed slime mold B - an [uncursed] pancake Scrolls i - an uncursed scroll of enchant weapon j - an uncursed scroll of taming k - an uncursed scroll of remove curse s - an uncursed scroll labeled ASHPD [of flood] Spellbooks l - a blessed spellbook of force bolt m - an uncursed spellbook of identify Potions f - an uncursed potion of sleeping g - an uncursed potion of fruit juice h - an uncursed potion of healing q - a blessed swirly potion [of blindness] w - an uncursed brown potion [of see invisible] D - an [uncursed] black potion [of hallucination] K - an [uncursed] ochre potion [of gain level] O - a [blessed] potion called prob obj detection [of object detection] Rings d - an uncursed ring of shock resistance e - an uncursed ring of regeneration E - a [blessed +1] shiny ring [of gain dexterity] N - a [cursed -2] wooden ring [of increase accuracy] Wands c - an uncursed wand of slow monster (0:8) Tools n - an uncursed bugle Gems u - an uncursed black gem [worthless glass] x - an uncursed green gem [jade] H - an [uncursed] white gem [worthless glass] M - 2 [uncursed] violet gems [worthless glass] Spells known in the end: Name Level Category Fail Memory a - force bolt 1 attack 0% [||||||||] b - identify 3 divination 92% [||||||||] Your skills at the end: Fighting Skills Weapon Skills quarterstaff [Basic / Expert] Spellcasting Skills attack spells [Basic / Expert] enchantment spells [Basic / Skilled] Final Attributes: You were nominally aligned. Hunger level was 499. Your alignment was 0 / 20. Monster difficulty range was 0 - 3. Level difficulty was 5. You resisted poison. You were magic-protected. You saw invisible. You had infravision. You were lucky (1). You are dead. Vanquished creatures: a water nymph a rock piercer a gnome lord a homunculus an iguana an acid blob a large kobold a hobgoblin a brown mold 3 geckos 5 jackals 2 foxes 3 kobolds 3 goblins a sewer rat a grid bug 6 lichens 4 kobold zombies 2 newts 39 creatures vanquished. Voluntary challenges: You used a wielded weapon 3 times. You read items or engraved 79 times. You put on armor 3 times. You never genocided any monsters. You never polymorphed an object. You never changed form. You used no wishes. You wrote Elbereth's name 48 times. You encountered 1 bones level. You never used any Sokoban shortcuts. Dungeon overview: The Dungeons of Doom: levels 1 to 5 Level 1 (locked chest (left side)) an altar to Anhur, some fountains a long staircase Level 2 (shop, somewhere) portal to Advent Calendar Level 3 (locked large box, left side) a fountain Level 4 a fountain a long staircase Level 5 <- You were here Advent Calendar: Level 5 many trees portal to The Dungeons of Doom History has recorded: On T:1 you entered the Dungeons of Doom to retrieve the Amulet of Yendor! On T:647 you reached level 2 of The Dungeons of Doom. On T:792 you reached level 3 of The Dungeons of Doom. On T:830 you reached level 1 of Advent Calendar. On T:1799 you reached level 4 of The Dungeons of Doom. On T:1832 you reached level 5 of The Dungeons of Doom. Latest messages: Your movements are slowed slightly because of your load. You displaced your large cat. You see here a curved sword. [2 turns] You drop a curved sword. Your movements are now unencumbered. Pick an object. Never mind. Never mind. Never mind. Pons devours an uncursed tripe ration. Pons picks up a curved sword. The large cat picks up 57 rocks. [HP+1=10] The white unicorn butts! You die... Final status: Goodbye don the Wizard... You died in The Dungeons of Doom on dungeon level 5 with 670 points, and 517 pieces of gold, after 2176 moves. You were level 1 with a maximum of 11 hit points when you died.